PIO (24 & UNDER)
JASPER COUGARS @ SURREY SINNERS
10/11/2028
 
TOP OF THE 1ST
Jasper Cougars batting - Pitching for Surrey Sinners : LHP Cedric Duncan
Pitching: LHP Cedric Duncan
Batting: RHB Juan Carlos 0-0: Foul Ball, location: 2F
0-1: Ball
1-1: Ball
2-1: Ball
3-1: Called Strike
3-2: Strikes out swinging
Batting: RHB Ben Wilson 0-0: Ball
1-0: Called Strike
1-1: Foul Ball, location: 2F
1-2: Ball
2-2: Foul Ball, location: 2F
2-2: Ball
3-2: Base on Balls
Batting: LHB Jon Rogers 0-0: Called Strike
0-1: Ball
1-1: Ball
2-1: Ball
3-1: Base on Balls
Ben Wilson to second
Batting: RHB Bob Cole 0-0: Ball
1-0: Called Strike
1-1: Ground out 3-1 (Groundball, 34S)
Ben Wilson to third
Jon Rogers to second
Batting: RHB Alberto Castillo 0-0: Ball
1-0: Ball
2-0: Ball
3-0: Called Strike
3-1: Fly out, F8 (Flyball, 8LM)
Top of the 1st over - 0 run(s), 0 hit(s), 0 error(s), 2 left on base; Jasper 0 - Surrey 0
BOTTOM OF THE 1ST
Surrey Sinners batting - Pitching for Jasper Cougars : RHP Juan Arreola
Pitching: RHP Juan Arreola
Batting: LHB Ernesto Meléndez 0-0: Ball
1-0: SINGLE (Flyball, 6MD)
Batting: LHB Martín Garza 0-0: Ball
1-0: Ball
2-0: Ball
3-0: Base on Balls
Ernesto Meléndez to second
Batting: LHB Iván Espinosa 0-0: SINGLE (Groundball, 4S) (infield hit)
Ernesto Meléndez to third
Martín Garza to second
Batting: RHB Robert Koremans 0-0: Called Strike
0-1: Called Strike
0-2: Ball
1-2: Fly out, F7 (Flyball, 7)
Runner from 3rd tags up, OUT at HOME
Martín Garza to third
Iván Espinosa to second
Batting: RHB Clarence Harrison 0-0: Called Strike
0-1: Ball
1-1: Swinging Strike
1-2: Strikes out looking
Bottom of the 1st over - 0 run(s), 2 hit(s), 0 error(s), 2 left on base; Jasper 0 - Surrey 0
TOP OF THE 2ND
Jasper Cougars batting - Pitching for Surrey Sinners : LHP Cedric Duncan
Batting: LHB Darren Holland 0-0: Ball
1-0: Foul Ball, location: 2F
1-1: Foul Ball, location: 2F
1-2: Strikes out swinging
Batting: RHB Charles Lewis 0-0: Ball
1-0: Ball
2-0: Ball
3-0: Called Strike
3-1: Base on Balls
Batting: RHB José Maldonado 0-0: Ball
1-0: Foul Ball, location: 2F
1-1: Ball
2-1: Swinging Strike
2-2: Foul Ball, location: 2F
2-2: TRIPLE (Flyball, 9LM)
Charles Lewis scores
Batting: RHB Scott McGuire 0-0: Swinging Strike
0-1: Ball
1-1: Ball
2-1: Fly out, F9 (Flyball, 89S)
Batting: RHB Juan Carlos 0-0: Ball
1-0: Called Strike
1-1: Swinging Strike
1-2: Ball
2-2: Fly out, F9 (Line Drive, 9)
Top of the 2nd over - 1 run(s), 1 hit(s), 0 error(s), 1 left on base; Jasper 1 - Surrey 0
BOTTOM OF THE 2ND
Surrey Sinners batting - Pitching for Jasper Cougars : RHP Juan Arreola
Batting: RHB Jorge Barrios 0-0: Called Strike
0-1: Ball
1-1: Ball
2-1: Ball
3-1: Swinging Strike
3-2: Strikes out swinging
Batting: RHB Jamie Swyers 0-0: Foul Ball, location: 2F
0-1: Ball
1-1: Fly out, F8 (Flyball, 8LXD)
Batting: RHB Mitchell Darragh 0-0: Ball
1-0: Called Strike
1-1: Ball
2-1: Ball
3-1: Foul Ball, location: 2F
3-2: Ground out 6-3 (Groundball, 56)
Bottom of the 2nd over - 0 run(s), 0 hit(s), 0 error(s), 0 left on base; Jasper 1 - Surrey 0
TOP OF THE 3RD
Jasper Cougars batting - Pitching for Surrey Sinners : LHP Cedric Duncan
Batting: RHB Ben Wilson 0-0: Ball
1-0: Fly out, F8 (Flyball, 89M)
Batting: LHB Jon Rogers 0-0: Ball
1-0: Swinging Strike
1-1: Ground out 3-1 (Groundball, 34)
Batting: RHB Bob Cole 0-0: Ball
1-0: Called Strike
1-1: Ball
2-1: Fly out, F8 (Flyball, 8RD)
Top of the 3rd over - 0 run(s), 0 hit(s), 0 error(s), 0 left on base; Jasper 1 - Surrey 0
BOTTOM OF THE 3RD
Surrey Sinners batting - Pitching for Jasper Cougars : RHP Juan Arreola
Batting: LHB Joe Spears 0-0: Called Strike
0-1: Called Strike
0-2: Foul Ball, location: 2F
0-2: Ball
1-2: Ball
2-2: Strikes out swinging
Batting: LHB Ernesto Meléndez 0-0: Ball
1-0: Foul Ball, location: 2F
1-1: Ball
2-1: Foul Ball, location: 2F
2-2: Foul Ball, location: 2F
2-2: Foul Ball, location: 2F
2-2: Fly out, F8 (Flyball, 8RM)
Batting: LHB Martín Garza 0-0: Fly out, F7 (Flyball, 78M)
Bottom of the 3rd over - 0 run(s), 0 hit(s), 0 error(s), 0 left on base; Jasper 1 - Surrey 0
TOP OF THE 4TH
Jasper Cougars batting - Pitching for Surrey Sinners : LHP Cedric Duncan
Batting: RHB Alberto Castillo 0-0: Swinging Strike
0-1: Called Strike
0-2: Ground out 6-3 (Groundball, 6)
Batting: LHB Darren Holland 0-0: Called Strike
0-1: Swinging Strike
0-2: SINGLE (Groundball, 3D)
Batting: RHB Charles Lewis 0-0: Called Strike
0-1: Ball
1-1: Ball
2-1: Foul Ball, location: 2F
2-2: Ball
Darren Holland is caught stealing 2nd base
3-2: Ground out 6-3 (Groundball, 6)
Top of the 4th over - 0 run(s), 1 hit(s), 0 error(s), 0 left on base; Jasper 1 - Surrey 0
BOTTOM OF THE 4TH
Surrey Sinners batting - Pitching for Jasper Cougars : RHP Juan Arreola
Batting: LHB Iván Espinosa 0-0: Ground out 4-3 (Groundball, 4)
Batting: RHB Robert Koremans 0-0: Ball
1-0: Called Strike
1-1: Ball
2-1: SINGLE (Groundball, 34D)
Batting: RHB Clarence Harrison 0-0: Foul Ball, location: 2F
0-1: Foul Ball, location: 2F
0-2: Ball
1-2: SINGLE (Flyball, 8RS)
Robert Koremans to second
Batting: RHB Jorge Barrios 0-0: Grounds into double play, 4-6-3 (Groundball, 4)
Bottom of the 4th over - 0 run(s), 2 hit(s), 0 error(s), 1 left on base; Jasper 1 - Surrey 0
TOP OF THE 5TH
Jasper Cougars batting - Pitching for Surrey Sinners : LHP Cedric Duncan
Batting: RHB José Maldonado 0-0: Ground out 4-3 (Groundball, 4)
Batting: RHB Scott McGuire 0-0: Called Strike
0-1: Ball
1-1: Called Strike
1-2: Ball
2-2: Fly out, F7 (Flyball, 7)
Batting: RHB Juan Carlos 0-0: Ball
1-0: Ball
2-0: Ball
3-0: Base on Balls
Batting: RHB Ben Wilson 0-0: Called Strike
0-1: Called Strike
0-2: Ball
1-2: Foul Ball, location: 2F
1-2: Strikes out swinging
Top of the 5th over - 0 run(s), 0 hit(s), 0 error(s), 1 left on base; Jasper 1 - Surrey 0
BOTTOM OF THE 5TH
Surrey Sinners batting - Pitching for Jasper Cougars : RHP Juan Arreola
Batting: RHB Jamie Swyers 0-0: Swinging Strike
0-1: Ball
1-1: Swinging Strike
1-2: Strikes out looking
Batting: RHB Mitchell Darragh 0-0: Foul Ball, location: 2F
0-1: Fly out, F4 (Popup, 4S)
Batting: LHB Joe Spears 0-0: Ball
1-0: Ball
2-0: Foul Ball, location: 2F
2-1: Ball
3-1: Ground out 6-3 (Groundball, 6)
Bottom of the 5th over - 0 run(s), 0 hit(s), 0 error(s), 0 left on base; Jasper 1 - Surrey 0
TOP OF THE 6TH
Jasper Cougars batting - Pitching for Surrey Sinners : LHP Cedric Duncan
Pitching: LHP Ramón Cardenas
Batting: LHB Jon Rogers 0-0: Foul Ball, location: 2F
0-1: Ball
1-1: Ball
2-1: Foul Ball, location: 2F
2-2: Foul Ball, location: 2F
2-2: Strikes out looking
Batting: RHB Bob Cole 0-0: Swinging Strike
0-1: Swinging Strike
0-2: Ball
1-2: Strikes out swinging
Batting: RHB Alberto Castillo 0-0: SINGLE (Line Drive, 78M)
Batting: LHB Darren Holland 0-0: Ball
1-0: Called Strike
1-1: Ball
2-1: Swinging Strike
2-2: Ball
3-2: Base on Balls
Alberto Castillo to second
Batting: RHB Charles Lewis 0-0: Called Strike
0-1: TRIPLE (Flyball, 89XD)
Alberto Castillo scores
Darren Holland scores
Pitching: RHP Juan Valdés
Batting: RHB José Maldonado 0-0: Called Strike
0-1: Ball
1-1: Foul Ball, location: 2F
1-2: Ball
2-2: Ball
3-2: Fly out, F4 (Line Drive, 4)
Top of the 6th over - 2 run(s), 2 hit(s), 0 error(s), 1 left on base; Jasper 3 - Surrey 0
BOTTOM OF THE 6TH
Surrey Sinners batting - Pitching for Jasper Cougars : RHP Juan Arreola
Batting: LHB Ernesto Meléndez 0-0: SINGLE (Flyball, 7LS)
Batting: LHB Martín Garza 0-0: Fly out, F4 (Popup, 3D)
Batting: LHB Iván Espinosa 0-0: Ball
1-0: Called Strike
1-1: Ball
2-1: Ball
3-1: Base on Balls
Ernesto Meléndez to second
Batting: RHB Robert Koremans 0-0: Grounds into double play, 4-6-3 (Groundball, 34)
Bottom of the 6th over - 0 run(s), 1 hit(s), 0 error(s), 1 left on base; Jasper 3 - Surrey 0
TOP OF THE 7TH
Jasper Cougars batting - Pitching for Surrey Sinners : RHP Juan Valdés
Batting: RHB Scott McGuire 0-0: Ball
1-0: Ball
2-0: Fly out, F4 (Popup, 4)
Batting: RHB Juan Carlos 0-0: Ball
1-0: Ground out 6-3 (Groundball, 56)
Batting: RHB Ben Wilson 0-0: Ball
1-0: Called Strike
1-1: Foul Ball, location: 2F
1-2: Ball
2-2: Strikes out looking
Top of the 7th over - 0 run(s), 0 hit(s), 0 error(s), 0 left on base; Jasper 3 - Surrey 0
BOTTOM OF THE 7TH
Surrey Sinners batting - Pitching for Jasper Cougars : RHP Juan Arreola
Batting: RHB Clarence Harrison 0-0: Ball
1-0: Ball
2-0: Foul Ball, location: 2F
2-1: SINGLE (Groundball, 3) (infield hit)
Batting: RHB Jorge Barrios Balk!
Clarence Harrison to second
0-0: Called Strike
0-1: Called Strike
0-2: Strikes out looking
Batting: RHB Jamie Swyers 0-0: Called Strike
0-1: Ground out 1-3 (Groundball, P)
Clarence Harrison to third
Batting: RHB Mitchell Darragh 0-0: Ball
1-0: SINGLE (Popup, 6D)
Clarence Harrison scores
Batting: LHB Joe Spears 0-0: Ball
1-0: Called Strike
1-1: Ball
2-1: Fly out, F3 (Line Drive, 3L)
Bottom of the 7th over - 1 run(s), 2 hit(s), 0 error(s), 1 left on base; Jasper 3 - Surrey 1
TOP OF THE 8TH
Jasper Cougars batting - Pitching for Surrey Sinners : RHP Juan Valdés
Batting: LHB Jon Rogers 0-0: Foul Ball, location: 2F
0-1: Swinging Strike
0-2: Fly out, F8 (Flyball, 8RXD)
Batting: RHB Bob Cole 0-0: Ball
1-0: Ball
2-0: Ball
3-0: Base on Balls
Batting: RHB Alberto Castillo 0-0: Ball
Bob Cole steals 2nd base
1-0: Ball
2-0: Ball
3-0: Called Strike
3-1: Ground out 6-3 (Groundball, 6)
Bob Cole to third
Batting: LHB Darren Holland 0-0: Ball
1-0: Foul Ball, location: 2F
1-1: Called Strike
1-2: Foul Ball, location: 2F
1-2: Ball
Wild Pitch!
Bob Cole scores
2-2: Foul Ball, location: 2F
2-2: Ball
3-2: SINGLE (Groundball, 34S) (infield hit)
Batting: RHB Charles Lewis 0-0: Called Strike
0-1: SINGLE (Groundball, 56D)
Darren Holland to second
Batting: RHB José Maldonado 0-0: Called Strike
0-1: Foul Ball, location: 2F
0-2: Ball
1-2: Strikes out swinging
Top of the 8th over - 1 run(s), 2 hit(s), 0 error(s), 2 left on base; Jasper 4 - Surrey 1
BOTTOM OF THE 8TH
Surrey Sinners batting - Pitching for Jasper Cougars : RHP Juan Arreola
Pitching: LHP Edgardo Reyes
Batting: LHB Ernesto Meléndez 0-0: Ball
1-0: Reached on error, E3 (Groundball, 34)
Batting: LHB Martín Garza 0-0: Ball
1-0: Swinging Strike
1-1: Fielders Choice at 2nd, 6-4 (Groundball, 6)
Batting: LHB Iván Espinosa 0-0: Ball
1-0: Called Strike
1-1: Ball
2-1: Foul Ball, location: 2F
2-2: Ball
3-2: DOUBLE (Line Drive, 9LM)
Martín Garza to third
Pitching: RHP A.J. Wellman
Batting: RHB Robert Koremans 0-0: Ball
1-0: Ball
2-0: Ball
3-0: Base on Balls
Pinch Hitting: SHB Norberto Muńóz 0-0: Fly out, F7 (Flyball, 7S)
Batting: RHB Jorge Barrios 0-0: Ground out 4-3 (Groundball, 4S)
Bottom of the 8th over - 0 run(s), 1 hit(s), 1 error(s), 3 left on base; Jasper 4 - Surrey 1
TOP OF THE 9TH
Jasper Cougars batting - Pitching for Surrey Sinners : RHP Juan Valdés
Pitching: LHP Miguel Pazo
Now at 3B: John Stevens
Batting: RHB Scott McGuire 0-0: Called Strike
0-1: Ball
1-1: Foul Ball, location: 2F
1-2: Ball
2-2: Ball
3-2: Base on Balls
Batting: RHB Juan Carlos 0-0: Called Strike
0-1: Bunt missed!
0-2: Ground out 4-3 (Groundball, 4MD)
Scott McGuire to second
Batting: RHB Ben Wilson 0-0: Intentional Walk
Batting: LHB Jon Rogers 0-0: Ball
1-0: Foul Ball, location: 2F
1-1: Foul Ball, location: 2F
1-2: Ball
2-2: Ball
3-2: Fly out, F8 (Flyball, 8LXD)
Runner from 2nd tags up, SAFE at 3rd, no throw
Batting: RHB Bob Cole 0-0: Called Strike
0-1: Ball
1-1: Ball
2-1: Foul Ball, location: 2F
2-2: Ball
3-2: Base on Balls
Ben Wilson to second
Pinch Hitting: RHB Andrew Weatherly 0-0: Fly out, F6 (Popup, 6)
Top of the 9th over - 0 run(s), 0 hit(s), 0 error(s), 3 left on base; Jasper 4 - Surrey 1
BOTTOM OF THE 9TH
Surrey Sinners batting - Pitching for Jasper Cougars : RHP A.J. Wellman
Pitching: LHP Teuk-chin Kim
Now in LF: Andrew Weatherly
Batting: RHB Jamie Swyers 0-0: Called Strike
0-1: Ball
1-1: Ground out 4-3 (Groundball, 4)
Batting: RHB Mitchell Darragh 0-0: Ball
1-0: Called Strike
1-1: Foul Ball, location: 2F
1-2: Ball
2-2: DOUBLE (Line Drive, 8LM)
Batting: LHB Joe Spears 0-0: Foul Ball, location: 2F
0-1: Swinging Strike
0-2: Ball
1-2: Strikes out swinging
Batting: LHB Ernesto Meléndez 0-0: Called Strike
0-1: Ball
1-1: Foul Ball, location: 2F
1-2: Foul Ball, location: 2F
1-2: Foul Ball, location: 2F
1-2: Foul Ball, location: 2F
1-2: Foul Ball, location: 2F
1-2: Ball
2-2: Ground out U3 (Groundball, 3L)
Bottom of the 9th over - 0 run(s), 1 hit(s), 0 error(s), 1 left on base; Jasper 4 - Surrey 1
Tuesday, August 8th, 2017 - OOTP Baseball 17.12 Build 75